 Dungeon Crawl Stone Soup version 0.30.0-30-g96aa6591b8 (webtiles) character file.

Game seed: 16863017890196791039

139624 H0rd4k the Basher (level 17, -1/126 HPs)
             Began as a Human Artificer on June 27, 2023.
             Was an Initiate of Gozag.
             Killed from afar by Roxanne (90 damage)
             ... with a crystal spear
             ... on level 2 of the Shoals on June 28, 2023.
             The game lasted 01:47:37 (32816 turns).

H0rd4k the Basher (Human Artificer)                Turns: 32816, Time: 01:47:38

Health: -1/126     AC: 15    Str: 15    XL:     17   Next: 89%
Magic:  28/30      EV: 26    Int: 27    God:    Gozag
Gold:   1222       SH:  0    Dex: 28    Spells: 21/42 levels left

rFire   . . .        I - +9 mace "Ashrezxit" {spect, rC+}
rCold   + . .        (no shield)
rNeg    + . .        Q - +4 robe of the King of the Hill {rN+ Str-4 Dex+5}
rPois   .            d - +1 helmet of the Armoured One {Int+4 SInv}
rElec   .            S - +1 cloak of the Ten Songs {Will+ Str+4}
rCorr   .            E - +1 pair of gloves
SInv    +            j - +1 pair of boots {rampage}
Will    ++...        f - amulet of regeneration
Stlth   +++++        y - ring "Kacasuawn" {Drain EV+5 Int+3 Dex+2}
HPRegen 1.21/turn    n - ring "Tiarufeo" {Drain Str+3 Int+3 Dex+6}
MPRegen 0.22/turn

%: rampage
@: no status effects
A: low MP 1, weak 1
a: Renounce Religion, Potion Petition, Call Merchant, Bribe Branch


You were on level 2 of the Shoals.
You worshipped Gozag.
Gozag was most pleased with you.
You visited 5 branches of the dungeon, and saw 27 of its levels.
You also visited: Bailey and Ice Cave.

You collected 10410 gold pieces.
You spent 5431 gold pieces at shops.
You paid 3757 gold pieces to Gozag.

Inventory:

Hand Weapons
 B - the +6 arbalest "Damnation" {damnation}
   (You bought it in a shop on level 10 of the Dungeon)
 I - the +9 mace "Ashrezxit" (weapon) {spect, rC+}
   (You found it in a bailey)

   rC:        It protects you from cold.
 X - the +10 morningstar "Eos" {elec, Halo rElec}
   (You bought it in a shop on level 12 of the Dungeon)

   Halo:      It grants its wielder a halo, revealing invisible creatures and
   increasing accuracy against all within it other than the wielder.
   rElec:     It insulates you from electricity.
Missiles
 b - 3 curare-tipped darts
 q - 94 poisoned darts (quivered)
Armour
 d - the +1 helmet of the Armoured One (worn) {Int+4 SInv}
   (You bought it in a shop on level 10 of the Dungeon)

   Int:       It affects your intelligence (+4).
   SInv:      It lets you see invisible.
 j - a +1 pair of boots of rampaging (worn)
 r - a +2 cloak of stealth
 E - a +1 pair of gloves (worn)
 Q - the +4 robe of the King of the Hill (worn) {rN+ Str-4 Dex+5}
   (You bought it in a shop on level 4 of the Dungeon)

   Str:       It affects your strength (-4).
   Dex:       It affects your dexterity (+5).
   rN:        It protects you from negative energy.
 S - the +1 cloak of the Ten Songs (worn) {Will+ Str+4}
   (You bought it in a shop on level 4 of the Dungeon)

   Str:       It affects your strength (+4).
   Will:      It increases your willpower.
Jewellery
 a - a ring of fire
 f - an amulet of regeneration (around neck)
 g - a ring of protection from cold
 n - the ring "Tiarufeo" (right hand) {Drain Str+3 Int+3 Dex+6}
   (You bought it in a shop on level 10 of the Dungeon)

   [ring of dexterity]

   Str:       It affects your strength (+3).
   Int:       It affects your intelligence (+3).
   Dex:       It affects your dexterity (+6).
   Drain:     It drains your maximum health when unequipped.
 y - the ring "Kacasuawn" (left hand) {Drain EV+5 Int+3 Dex+2}
   (You acquired it on level 8 of the Dungeon)

   [ring of evasion]

   EV:        It affects your evasion (+5).
   Int:       It affects your intelligence (+3).
   Dex:       It affects your dexterity (+2).
   Drain:     It drains your maximum health when unequipped.
Wands
 c - a wand of iceblast (1)
 t - a wand of light (15)
 D - a wand of mindburst (7)
 O - a wand of digging (9)
 R - a wand of flame (3)
 T - a wand of charming (15)
Scrolls
 e - 2 scrolls of silence
 i - 3 scrolls of identify
 v - 6 scrolls of magic mapping
 x - 7 scrolls of fear
 z - 2 scrolls of blinking
 F - 10 scrolls of teleportation
 M - 6 scrolls of fog
 P - 2 scrolls of amnesia
Potions
 h - 3 potions of brilliance
 m - 3 potions of resistance
 p - 4 potions of flight
 s - 9 potions of curing
 A - 5 potions of ambrosia
 C - 7 potions of might
 H - a potion of magic
 J - 2 potions of cancellation
 L - 5 potions of invisibility
 N - 4 potions of haste
 W - 2 potions of heal wounds
Miscellaneous
 k - a lightning rod (inert)
 o - a condenser vane


   Skills:
 - Level 9.2 Fighting
 + Level 0.5 Short Blades
 - Level 13.7 Maces & Flails
 + Level 12.0 Ranged Weapons
 - Level 1.6 Throwing
 + Level 4.9 Armour
 - Level 9.4 Dodging
 - Level 9.6 Stealth
 + Level 1.0 Unarmed Combat
 - Level 13.0 Spellcasting
 + Level 3.1 Conjurations
 * Level 1.7 Hexes
 - Level 6.9 Summonings
 + Level 2.7 Translocations
 - Level 9.5 Air Magic
 + Level 1.7 Poison Magic
 - Level 5.8 Evocations


You had 21 spell levels left.
You knew the following spells:

 Your Spells              Type           Power      Damage    Failure   Level
a - Mephitic Cloud        Conj/Pois/Air  43%        N/A       1%          3
b - Swiftness             Air            62%        N/A       1%          3
c - Summon Lightning Spi  Summ/Air       58%        N/A       1%          4
d - Blink                 Tloc           64%        N/A       1%          2
e - Airstrike             Air            31%        2d(5-21)  1%          4
f - Silence               Hex/Air        23%        N/A       9%          5

Your spell library contained the following spells:

 Spells                   Type           Power      Damage    Failure   Level
 Apportation              Tloc           64%        N/A       1%          1
 Magic Dart               Conj           100%       1d8       1%          1
 Summon Small Mammal      Summ           100%       N/A       1%          1
 Call Imp                 Summ           100%       N/A       1%          2
 Cigotuvi's Dreadful Rot  Necr/Pois/Air  74%        N/A       1%          2
 Lesser Beckoning         Tloc           64%        N/A       1%          2
 Momentum Strike          Conj/Tloc      66%        3d9       1%          2
 Poisonous Vapours        Pois/Air       94%        N/A       1%          2
 Static Discharge         Conj/Air       100%       2-7/arc   1%          2
 Beastly Appendage        Tmut           34%        N/A       3%          1
 Necrotise                Necr           68%        1d7       3%          1
 Ensorcelled Hibernation  Hex/Ice        44%        N/A       3%          2
 Dazzling Flash           Conj/Hex       60%        N/A       3%          3
 Gell's Gravitas          Tloc           32%        N/A       3%          3
 Teleport Other           Tloc           32%        N/A       3%          3
 Passwall                 Tmut/Erth      14%        N/A       4%          2
 Sublimation of Blood     Necr           17%        N/A       4%          2
 Wereblood                Tmut           17%        N/A       4%          2
 Stone Arrow              Conj/Erth      52%        3d10      4%          3
 Tukima's Dance           Hex            26%        N/A       4%          3
 Inner Flame              Hex/Fire       22%        N/A       7%          3
 Spider Form              Tmut/Pois      22%        N/A       7%          3
 Ignite Poison            Fire/Tmut/Pois 20%        N/A       8%          3
 Animate Armour           Summ/Erth      72%        N/A       8%          4
 Passage of Golubria      Tloc           32%        N/A       11%         4
 Freezing Cloud           Conj/Ice/Air   20%        6-21      16%         5
 Conjure Ball Lightning   Conj/Air       25%        3x3d7     34%         6
 Alistair's Intoxication  Tmut/Pois      14%        N/A       52%         5
 Yara's Violent Unravell  Hex/Tmut       11%        3d6       52%         5
 Agony                    Necr           17%        N/A       65%         5
 Borgnjor's Vile Clutch   Necr/Erth      8%         N/A       65%         5
 Dispersal                Tloc           16%        N/A       85%         6
 Summon Hydra             Summ           26%        N/A       85%         7
 Eringya's Noxious Bog    Tmut/Pois      11%        N/A       98%         6
 Enfeeble                 Hex            13%        N/A       100%        7
 Discord                  Hex            13%        N/A       100%        8
 Disjunction              Tloc           16%        N/A       100%        8
 Lehudib's Crystal Spear  Conj/Erth      13%        10d4      100%        8


Dungeon Overview and Level Annotations

Branches:
Dungeon (15/15)            Temple (1/1) D:5            Lair (5/5) D:10
 Shoals (4/4) Lair:2       Spider (0/4) Lair:3        Slime (0/5) Lair:5
    Orc (2/2) D:9             Elf (0/3) Orc:2        Vaults (0/5) D:13
 Depths (0/4) D:15         Bailey (visited)           IceCv (visited)

Altars:
Ashenzari
Cheibriados
Dithmenos
Elyvilon
Fedhas
Gozag
Hepliaklqana
Kikubaaqudgha
Makhleb
Nemelex Xobeh
Okawaru
Qazlal
Ru
Sif Muna
Trog
Uskayaw
Vehumet
Wu Jian
Xom
Yredelemnul
Zin
The Shining One

Shops:
D:4 [   D:8 ?   D:10 [(([=   D:12 (   Orc:2 ?*??   Shoals:1 =

Annotations:
D:12 exclusion: downstairs
Shoals:1 exclusion: 2 downstairs
Shoals:2 2 transporters, Loidof's ghost, adept MiFi; Roxanne


Innate Abilities, Weirdness & Mutations

Your magical capacity is low. (-10% MP)
You are weak. (Str -2)


Message History

You enter the shallow water.
Moving in this stuff is going to be slow.
You feel less invigorated.
You feel less confused.
Really walk into a travel-excluded area?
You rampage towards Roxanne!
Casting: Summon Lightning Spire (mildly dangerous; 1% risk of failure)
Confirm with . or Enter, or press ? or * to list all spells.
An electric hum fills the air.
Roxanne casts a spell.
Your lightning spire is unaffected.
Roxanne casts a spell.
The iron shot hits you!!
Your lightning spire shoots out a bolt of lightning at Roxanne!
The bolt of electricity hits Roxanne.
Roxanne resists.
Your lightning spire shoots out a bolt of lightning at Roxanne!
The bolt of electricity hits Roxanne.
Roxanne resists.
You hit Roxanne but do no damage.
Roxanne is severely damaged.
Your +9 mace "Ashrezxit" {spect, rC+} hits Roxanne!
You completely miss Roxanne.
Roxanne is severely damaged.
Your +9 mace "Ashrezxit" {spect, rC+} hits Roxanne but does no damage.
Roxanne mumbles some strange words.
The bolt of magma hits your +9 mace "Ashrezxit" {spect, rC+}!!
Your +9 mace "Ashrezxit" {spect, rC+} partially resists.
Your spectral weapon shares its damage with you!
The bolt of magma hits your lightning spire!!
Your lightning spire partially resists.
Your lightning spire shoots out a bolt of lightning at Roxanne!
The bolt of electricity hits Roxanne.
Roxanne resists.
You catch the helpless Roxanne completely off-guard!
You hit Roxanne.
Roxanne is almost destroyed.
Your +9 mace "Ashrezxit" {spect, rC+} hits Roxanne!
Roxanne casts a spell.
The crystal spear hits you!!!!
Ouch! That really hurt!
You die...
Your body crumbles into a pile of gold.

≈≈≈~~~.........#W..#??....
≈≈≈~~..........##..# #....
≈≈~~............#W.###....
≈≈~~............###......#
≈≈~~.............###.©.###
≈≈~~...............#####..
≈≈~~......8....<..........
≈≈≈≈~..............~.....~
≈≈≈≈~....@(...~~.~~~~~..~~
≈≈≈~~$..8.~~~~~~~~~~..~~
≈≈≈~~~~...~~~≈~~~≈~~~.~~
≈≈≈≈~~~~~~~~≈≈≈≈≈≈≈≈~~~~
≈≈≈≈≈~~~≈≈≈≈≈≈≈≈≈≈≈≈≈≈~~
≈≈≈≈≈≈≈≈≈≈≈≈≈≈≈≈≈≈≈≈≈~~~
≈≈≈≈≈≈≈≈≈≈≈≈≈≈≈≈≈≈≈≈≈~~~
≈≈≈≈≈≈≈≈≈≈≈≈≈≈≈≈≈≈≈≈~~..
≈≈≈≈≈≈~..


You could see Roxanne (ally target), a friendly +9 mace "Ashrezxit" {spect, rC+}
and a friendly lightning spire (summoned).

Vanquished Creatures
  Nikola (Shoals:2)
  An Ice Fiend (IceCv)
  Frances (D:12)
  Agnes (D:15)
  Ilsuiw (Shoals:2)
  Aizul (Shoals:3)
  An orc warlord (Orc:2)
  A very ugly thing (IceCv)
  A merfolk javelineer (Shoals:3)
  An ettin (Orc:1)
  A merfolk impaler (Shoals:2)
  A catoblepas (Lair:5)
  A caustic shrike simulacrum (IceCv)
  2 merfolk avatars
  Erolcha (D:9)
  2 hydras (Lair:5)
  A death knight (D:15)
  3 two-headed ogres
  A vault guard (D:13)
  An alligator snapping turtle (Shoals:1)
  2 merfolk aquamancers (Shoals:1)
  A tengu warrior (D:15)
  3 centaur warriors
  A vampire mage (D:15)
  A death yak (Lair:5)
  7 orc high priests (Orc:2)
  The ghost of LaMa the Frost Mage, a novice DrIE of Makhleb (D:9)
  Urug (Lair:1)
  Sonja (Orc:1)
  Amaemon (D:8)
  4 skysharks
  A bog body (IceCv)
  4 skeletal warriors
  3 sea snakes
  2 obsidian statues (IceCv)
  Pikel (D:5)
  A phantasmal warrior (D:15)
  2 deep elf pyromancers
  4 orc knights
  2 wizards
  An orc sorcerer (Orc:2)
  5 harpies
  A deep elf zephyrmancer (Bailey)
  A necromancer (D:15)
  6 ugly things
  2 fauns (Shoals:2)
  2 stone giant zombies (D:15)
  8 cyclopes
  5 manticores
  3 elephants (Lair:5)
  2 merfolk sirens
  6 black mambas
  A gargoyle (D:10)
  Joseph (Lair:1)
  3 water nymphs
  9 cane toads
  An orange demon (D:8)
  2 rime drakes (Lair:2)
  2 kobold demonologists (D:11)
  7 komodo dragons
  5 freezing wraiths
  2 golden dragon simulacra (IceCv)
  An ice devil (D:9)
  A tengu conjurer (D:15)
  2 meliai (Lair:4)
  Grinder (D:5)
  13 merfolk
  3 wind drakes (Shoals:2)
  A hornet (shapeshifter) (D:13)
  Prince Ribbit (D:7)
  3 trolls
  A tarantella (shapeshifter) (D:15)
  A wind drake (shapeshifter) (D:14)
  A hornet (D:8)
  8 polar bears (Lair:5)
  An ettin zombie (D:15)
  4 raiju (Lair:5)
  6 blink frogs
  A snapping turtle (Shoals:2)
  6 dream sheep
  8 water elementals
  11 slime creatures
  2 jumping spiders (Lair:3)
  A culicivora (Lair:3)
  5 wraiths
  42 yaks
  A shadow (D:10)
  2 vampires
  5 wyverns
  2 basilisks
  Grum (D:8)
  13 humans (D:13)
  A redback simulacrum (D:15)
  A minotaur simulacrum (IceCv)
  Edmund (D:4)
  10 vampire mosquitoes
  Menkaure (D:5)
  2 steam dragons
  3 acid dragons
  9 wargs
  A hydra simulacrum (IceCv)
  16 water moccasins
  4 sky beasts
  4 hell hounds (Lair:5)
  6 black bears
  23 orc warriors
  An ettin simulacrum (IceCv)
  3 ice beasts
  3 ogres
  4 boggarts (D:15)
  26 wolves
  3 centaurs
  A phantom (D:4)
  9 bullfrogs
  6 kobold brigands
  A deep troll simulacrum (IceCv)
  3 jellies
  3 scorpions
  21 wights
  20 killer bees
  An electric eel (Lair:1)
  A howler monkey (D:7)
  7 hounds
  Crazy Yiuf (D:5)
  19 orc priests
  3 sleepcaps
  3 gnoll boudas
  Natasha (thrice) (D:4)
  2 iguanas
  11 orc wizards
  2 centaur simulacra (D:9)
  A nameless horror (Shoals:1)
  13 gnolls
  6 adders
  2 white imps
  2 howler monkey simulacra (D:9)
  2 ufetubi
  3 worms
  2 dart slugs
  73 orcs
  9 ball pythons
  7 bats
  6 endoplasms
  4 giant cockroaches
  6 goblins
  9 hobgoblins
  9 jackals
  3 quokkas
  A frilled lizard (D:3)
  37 kobolds
  7 rats
731 creatures vanquished.

Vanquished Creatures (collateral kills)
  The ghost of Peloso the Carver, a journeyman MiFi of Okawaru (Lair:5)
  Josephine (D:14)
  2 hydras
  A caustic shrike simulacrum (IceCv)
  A boulder beetle (D:14)
  A merfolk aquamancer (Shoals:3)
  An orc high priest (Orc:2)
  4 skysharks
  3 skeletal warriors
  A death drake (shapeshifter) (D:13)
  3 sea snakes (Shoals:3)
  A bog body (IceCv)
  A spriggan simulacrum (IceCv)
  2 wizards
  A deep elf pyromancer (D:13)
  3 orc sorcerers
  4 harpies
  2 ugly things (D:15)
  A cyclops (D:13)
  A faun (Shoals:2)
  2 water nymphs (Shoals:2)
  2 merfolk sirens (Shoals:2)
  2 rime drakes
  A cane toad (Lair:4)
  A komodo dragon (Lair:5)
  A freezing wraith (IceCv)
  A golden dragon simulacrum (IceCv)
  A meliai (Lair:4)
  A polar bear (Lair:5)
  A queen bee (Lair:4)
  8 merfolk
  2 wind drakes
  3 blink frogs (Lair:5)
  3 dream sheep (Shoals:2)
  5 wraiths
  2 yaks (Lair:5)
  A water elemental (Shoals:1)
  A slime creature (D:14)
  8 humans (D:13)
  A wyvern (Lair:4)
  3 vampire mosquitoes
  A warg (Orc:2)
  An acid dragon (D:14)
  4 water moccasins
  9 hell hounds (Lair:5)
  2 hydra simulacra (IceCv)
  A glowing shapeshifter skeleton (D:15)
  8 orc warriors
  2 ettin simulacra (IceCv)
  An ice beast (D:9)
  6 black bears (Lair:5)
  An ogre (Orc:1)
  4 wolves (Lair:5)
  2 centaurs (D:14)
  A bullfrog (Lair:4)
  A deep troll simulacrum (IceCv)
  10 killer bees (Lair:4)
  18 orc priests
  4 jellies
  Ijyb (D:4)
  2 orc wizards
  2 gnolls
  A shadow imp (D:7)
  35 orcs
  A giant cockroach (D:3)
  A kobold (D:4)
204 creatures vanquished.

Vanquished Creatures (others)
  A merfolk aquamancer (Shoals:3)
  A cyclops (Shoals:2)
  A faun (Shoals:2)
  A merfolk (Shoals:2)
  2 snapping turtles (Shoals:2)
  A centaur (D:7)
  A killer bee (D:8)
  A jelly (D:4)
  A gnoll bouda (D:5)
  A gnoll (D:4)
  An adder (D:6)
  13 spectral weapons
25 creatures vanquished.

Grand Total: 960 creatures vanquished

Notes
Turn   | Place    | Note
-------+----------+-------------------------------------------
     0 | D:1      | H0rd4k the Human Artificer began the quest for the Orb.
     0 | D:1      | Reached XP level 1. HP: 15/15 MP: 1/1
   106 | D:1      | Reached XP level 2. HP: 12/21 MP: 2/2
   384 | D:1      | Reached XP level 3. HP: 17/26 MP: 3/3
  1536 | D:2      | Reached skill level 1 in Maces & Flails
  1536 | D:2      | Reached XP level 4. HP: 30/32 MP: 4/4
  2734 | D:3      | Reached XP level 5. HP: 13/38 MP: 5/5
  3029 | D:4      | Noticed Natasha
  3032 | D:4      | Killed Natasha
  3055 | D:4      | Noticed Edmund
  3067 | D:4      | Killed Edmund
  3068 | D:4      | Reached XP level 6. HP: 30/44 MP: 6/6
  3070 | D:4      | Noticed Natasha
  3083 | D:4      | Killed Natasha
  3134 | D:4      | HP: 1/44 [kobold brigand/+0 club (4)]
  3142 | D:4      | Reached XP level 7. HP: 10/51 MP: 7/7
  3304 | D:4      | Noticed Ijyb
  3317 | D:4      | Your ally Ijyb died
  3544 | D:4      | Noticed Natasha
  3560 | D:4      | Killed Natasha
  3659 | D:4      | Got the Opusculum on Liminal Misfortune
  3728 | D:4      | Found Imain's Antique Armour Boutique.
  4108 | D:4      | Reached XP level 8. HP: 58/58 MP: 8/8
  4253 | D:5      | Entered Level 5 of the Dungeon
  4280 | D:5      | Noticed Pikel
  4442 | D:5      | Noticed Menkaure
  4447 | D:5      | Killed Menkaure
  4448 | D:5      | Reached skill level 1 in Spellcasting
  4472 | D:5      | Reached skill level 5 in Maces & Flails
  4513 | D:5      | Killed Pikel
  4514 | D:5      | Reached XP level 9. HP: 64/65 MP: 9/12
  4665 | D:5      | Noticed Grinder
  4672 | D:5      | Killed Grinder
  4690 | D:5      | Found a staircase to the Ecumenical Temple.
  4736 | Temple   | Entered the Ecumenical Temple
  4962 | Temple   | Became a worshipper of Gozag Ym Sagoz the Greedy
  5216 | D:5      | Found a runed translucent door.
  5217 | D:5      | Noticed Crazy Yiuf
  5383 | D:5      | Found a white marble altar of Elyvilon.
  5405 | D:5      | Found a blossoming altar of Fedhas.
  5533 | D:5      | Found an iron altar of Okawaru.
  5533 | D:5      | Found an ancient bone altar of Kikubaaqudgha.
  5584 | D:5      | Found a broken altar of Ashenzari.
  5753 | D:6      | Reached skill level 5 in Dodging
  6035 | D:6      | Found a shadowy altar of Dithmenos.
  6159 | D:6      | Reached skill level 1 in Throwing
  6305 | D:6      | Reached XP level 10. HP: 73/73 MP: 15/15
  6493 | D:7      | Noticed Prince Ribbit
  6533 | D:7      | Killed Prince Ribbit
  6536 | D:7      | Found a flagged portal.
  6596 | D:7      | Identified the +3 great sword of Ycipnaco {speed, *Slow
                  | rElec Will++ Dex+3}
  6636 | Bailey   | Entered a bailey
  6753 | Bailey   | Reached skill level 5 in Fighting
  6819 | Bailey   | Found a large runed translucent door.
  6819 | Bailey   | Found a large runed translucent door.
  6820 | Bailey   | Noticed an orc knight
  6820 | Bailey   | Noticed a deep elf zephyrmancer
  6823 | Bailey   | Killed an orc knight
  6888 | Bailey   | Killed a deep elf zephyrmancer
  6889 | Bailey   | Reached skill level 5 in Evocations
  6895 | Bailey   | Identified the +2 glaive "Beetleslayer" {vamp, Drain rElec
                  | Int+3 Stlth+}
  6903 | Bailey   | Identified the +9 mace "Ashrezxit" {spect, rC+}
  7028 | D:7      | Found a stormy altar of Qazlal.
  7242 | D:7      | Noticed a cyclops
  7249 | D:7      | Killed a cyclops
  7250 | D:7      | Reached skill level 5 in Spellcasting
  7401 | D:8      | Reached XP level 11. HP: 65/80 MP: 18/18
  7418 | D:8      | Noticed Grum
  7429 | D:8      | Killed Grum
  7504 | D:8      | Reached skill level 5 in Stealth
  7685 | D:8      | Noticed Amaemon
  7695 | D:8      | Killed Amaemon
  7731 | D:8      | Reached skill level 10 in Maces & Flails
  7789 | D:8      | Found The Oracle's Delphic Readings.
  8356 | D:9      | Noticed LaMa's ghost (novice DrIE)
  8359 | D:9      | Noticed Erolcha
  8368 | D:9      | Killed Erolcha
  8482 | D:8      | Identified a scroll of acquirement
  8483 | D:8      | Acquired the ring "Kacasuawn" {Drain EV+5 Int+3 Dex+2}
  8681 | D:9      | Found a sparkling altar of Nemelex Xobeh.
  8730 | D:9      | Found a staircase to the Orcish Mines.
  8871 | D:9      | Found a runed translucent gate.
  8871 | D:9      | Found a runed translucent gate.
  8871 | D:9      | Found a runed translucent gate.
  9317 | D:4      | Bought a pair of glowing boots for 165 gold pieces
  9317 | D:4      | Bought a heavy robe for 125 gold pieces
  9317 | D:4      | Identified the +4 robe of the King of the Hill {rN+ Str-4
                  | Dex+5} (You bought it in a shop on level 4 of the Dungeon)
  9317 | D:4      | Bought a faintly humming cloak for 209 gold pieces
  9317 | D:4      | Identified the +1 cloak of the Ten Songs {Will+ Str+4} (You
                  | bought it in a shop on level 4 of the Dungeon)
  9825 | D:10     | Entered Level 10 of the Dungeon
  9983 | D:10     | Found a burning altar of Makhleb.
 10536 | D:11     | Reached XP level 12. HP: 37/89 MP: 21/21
 10841 | D:11     | Noticed a sun demon
 10948 | D:11     | Noticed a two-headed ogre
 10965 | D:11     | Killed a two-headed ogre
 11389 | D:11     | Noticed a two-headed ogre
 11396 | D:11     | Killed a two-headed ogre
 11525 | D:11     | Identified the +4 falchion of the Peculiar Blessings
                  | {flame, rPois}
 12143 | D:12     | Noticed Frances
 12160 | D:12     | Noticed a sun demon
 12168 | D:12     | Killed Frances
 12739 | D:12     | Found Ynikuam's Weapon Shop.
 12749 | D:12     | Reached XP level 13. HP: 98/98 MP: 24/24
 12756 | D:12     | Bought the +10 morningstar "Eos" {elec, Halo rElec} for
                  | 1184 gold pieces
 12756 | D:12     | Found the +10 morningstar "Eos" {elec, Halo rElec}
 12789 | D:12     | Noticed a centaur warrior
 12796 | D:12     | Killed a centaur warrior
 13340 | D:10     | Found a staircase to the Lair.
 13554 | D:10     | Found Qibitoq's Armour Shoppe.
 13562 | D:10     | Bought the +1 helmet of the Armoured One {Int+4 SInv} for
                  | 407 gold pieces
 14112 | D:10     | Learned a level 3 spell: Mephitic Cloud
 14116 | D:10     | Learned a level 3 spell: Swiftness
 14244 | D:5      | Killed Crazy Yiuf
 14413 | Lair:1   | Entered Level 1 of the Lair of Beasts
 14574 | Lair:1   | Reached skill level 1 in Conjurations
 14687 | Lair:1   | Reached skill level 1 in Air Magic
 14772 | Lair:1   | Noticed Joseph
 14830 | Lair:1   | Killed Joseph
 15173 | Lair:1   | Noticed Urug
 15193 | Lair:1   | Killed Urug
 15194 | Lair:1   | Reached skill level 1 in Poison Magic
 15723 | Lair:2   | Found a staircase to the Shoals.
 16498 | D:8      | Bought a book of Storms for 286 gold pieces
 16630 | Lair:2   | Learned a level 4 spell: Summon Lightning Spire
 16744 | Lair:3   | Reached XP level 14. HP: 105/105 MP: 27/27
 16952 | Lair:3   | Reached skill level 5 in Air Magic
 16955 | Lair:3   | Reached skill level 1 in Summonings
 17373 | Lair:3   | Found a hole to the Spider Nest.
 17858 | Lair:4   | Reached skill level 10 in Spellcasting
 18193 | Lair:4   | Reached skill level 1 in Unarmed Combat
 18497 | Lair:4   | Learned a level 2 spell: Blink
 18544 | Lair:5   | Entered Level 5 of the Lair of Beasts
 18564 | Lair:5   | Reached skill level 1 in Translocations
 18579 | Lair:5   | Found a transporter.
 18975 | Lair:5   | Found a staircase to the Slime Pits.
 19095 | Lair:5   | Found a transporter.
 19198 | Lair:5   | Noticed Peloso's ghost (journeyman MiFi)
 19209 | Lair:5   | Identified the +4 spear of Dociohet {spect, rN+}
 19671 | Lair:5   | Reached XP level 15. HP: 66/112 MP: 23/29
 20281 | D:10     | Bought a +0 pair of boots of rampaging for 184 gold pieces
 20406 | Orc:1    | Entered Level 1 of the Orcish Mines
 20406 | Orc:1    | Noticed Sonja
 20413 | Orc:1    | Killed Sonja
 21054 | Orc:2    | Entered Level 2 of the Orcish Mines
 21097 | Orc:2    | Noticed an orc warlord
 21321 | Orc:2    | Killed an orc warlord
 21322 | Orc:2    | Reached skill level 5 in Summonings
 21451 | Orc:2    | Found a staircase to the Elven Halls.
 21710 | Orc:2    | Found Atewka Sink's Magic Scroll Shop.
 21710 | Orc:2    | Found Oruot's Magic Scroll Shoppe.
 22011 | Orc:2    | Gained mutation: You are weak. (Str -2) [a neqoxec]
 22360 | Orc:2    | Bought a scroll of blinking for 97 gold pieces
 22369 | Orc:2    | Bought a scroll of acquirement for 884 gold pieces
 22503 | Orc:2    | Found Toucrimo's General Store.
 22503 | Orc:2    | Found Xychoisch's Magic Scroll Shop.
 22830 | Orc:2    | Acquired 431 gold pieces
 23068 | D:10     | Bought the ring "Tiarufeo" {Drain Str+3 Int+3 Dex+6} for
                  | 850 gold pieces
 23155 | Shoals:1 | Entered Level 1 of the Shoals
 23542 | Shoals:1 | Found Temm's Jewellery Emporium.
 23909 | Shoals:1 | Learned a level 4 spell: Airstrike
 24114 | Shoals:2 | Noticed Ilsuiw
 24145 | Shoals:2 | Noticed Nikola
 24236 | Shoals:2 | Identified Roxanne's Papyrus of Minerals
 24236 | Shoals:2 | Noticed Roxanne
 24236 | Shoals:2 | Found a transporter.
 24461 | Shoals:2 | Reached XP level 16. HP: 119/119 MP: 28/32
 24811 | Shoals:2 | Killed Nikola
 24988 | Shoals:2 | Noticed Loidof's ghost (adept MiFi)
 25016 | Shoals:2 | Found a bloodstained altar of Trog.
 25028 | Shoals:2 | Found a transporter.
 25370 | Shoals:2 | Killed Ilsuiw
 25617 | Shoals:3 | Noticed Aizul
 25671 | Shoals:3 | Killed Aizul
 26751 | Shoals:4 | Entered Level 4 of the Shoals
 26955 | D:10     | Bought the +6 arbalest "Damnation" {damnation} for 1040
                  | gold pieces
 26955 | D:10     | Found the +6 arbalest "Damnation" {damnation}
 27066 | D:13     | Reached skill level 1 in Ranged Weapons
 27580 | D:13     | Reached skill level 5 in Ranged Weapons
 27631 | D:13     | Found a gate to the Vaults.
 27886 | D:14     | Noticed Josephine
 27899 | D:14     | Reached XP level 17. HP: 126/126 MP: 32/34
 27900 | D:14     | Killed Josephine
 28513 | D:14     | Found a burning altar of Makhleb.
 29062 | D:15     | Entered Level 15 of the Dungeon
 29102 | D:15     | Found a frozen archway.
 29231 | IceCv    | Entered an ice cave
 29390 | IceCv    | Gained mutation: Your magical capacity is low. (-10% MP) [a
                  | neqoxec]
 30030 | IceCv    | Noticed an Ice Fiend
 30052 | IceCv    | Killed an Ice Fiend
 30219 | D:15     | Found a staircase to the Depths.
 30403 | D:15     | Reached skill level 10 in Ranged Weapons
 31285 | D:15     | Learned a level 5 spell: Silence
 31304 | D:15     | Noticed Agnes
 31317 | D:15     | Killed Agnes
 31610 | D:9      | Killed LaMa's ghost
 31936 | Lair:5   | Reached skill level 1 in Hexes
 32018 | Lair:5   | Killed Peloso's ghost
 32772 | Shoals:2 | HP: 2/126 [Roxanne/crystal spear (44)]
 32816 | Shoals:2 | Killed from afar by Roxanne

Illustrated notes

Levels and vault maps discovered:
D:1:      tarquinn_simple_flora_water_a, layout_loops_ring, skrybe_limestone_x
D:2:      kennysheep_six_static_rooms, layout_loops_ring,
          minmay_goblin_kobold_house
D:3:      cheibrodos_old_hovel, layout_basic, hex_medium,
          kennysheep_nondescript, grunt_ministairs_5
D:4:      layout_loops_cross, serial_shops, nicolae_diamond_shop, uniq_ijyb,
          uniq_edmund, uniq_natasha
D:5:      layout_basic, mainiacjoe_overflow_alcove_2, minitemple,
          gammafunk_temple_overflow_elements, minmay_temple_entry_glassed_door,
          uniq_grinder, uniq_menkaure, uniq_pikel, uniq_crazy_yiuf_cottage
D:6:      layout_rooms, lemuel_round_altar, minmay_quadrilaterals
D:7:      layout_rooms, nicolae_qazlal_style_of_elements, enter_bailey_6,
          hex_large, kennysheep_small_square, uniq_prince_ribbit1
D:8:      layout_basic, nicolae_nh_oracle_at_delphi, uniq_amaemon, uniq_grum
D:9:      layout_gridville, mainiacjoe_overflow_small_starburst, david_orc_3,
          gammafunk_ghost_icy, uniq_erolcha
D:10:     layout_grid_maze, old_standard_altar, lair_entry_dummy, serial_shops,
          shop_statue
D:11:     layout_basic, special_room [special_room_orc]
D:12:     layout_grid_maze, serial_shops, shop, uniq_frances
D:13:     layout_cave_pools, grunt_vaults_entry_tiered
D:14:     layout_basic, bloody_makhleb, uniq_josephine
D:15:     gammafunk_depths_entry_grave, layout_gridville,
          portal_ice_cave_entry_pillars_1, minmay_misc_feat_square,
          minmay_misc_feat_five, uniq_agnes
Temple:   oiseaux_autumnal_temple
Lair:1:   layout_cave_pods, serial_bayou_shore_b, serial_bayou_shore_a,
          grunt_megastairs_2, lemuel_fruit_fields, uniq_joseph, uniq_urug
Lair:2:   layout_long_grid, minmay_shoals_entry_lonely_mermaid
Lair:3:   layout_gridlike, spider_nest_entry_funnel_web, lemuel_fruit_tree
Lair:4:   layout_roguey [special_room_bee]
Lair:5:   hangedman_lair_caniforms_friends, layout_gridlike,
          nicolae_slime_entry_field_trip, nzn_ghost_randoct,
          chequers_serial_rivers_micro_b
Shoals:1: layout_shoals, serial_shops, nicolae_lakefront_shop
Shoals:2: layout_shoals, gammafunk_ghost_wrathful_warriors, uniq_nikola,
          uniq_ilsuiw, uniq_roxanne
Shoals:3: layout_shoals, uniq_aizul
Shoals:4: shoals_end_grunt_ice, layout_shoals, nicolae_shoals_water_shrine
Orc:1:    nicolae_orc_accident_3, layout_caves, uniq_sonja
Orc:2:    st_orc_town, layout_caves

Skill      XL: |  1  2  3  4  5  6  7  8  9 10 11 12 13 14 15 16 17 |
---------------+----------------------------------------------------+-----
Dodging        | 2 3 4 5 6 7 8 9 |  9.4
Maces & Flails | 1 2 3 4 5 7 9 10 12 13 | 13.7
Fighting       | 2 3 4 5 6 7 8 9 |  9.2
Stealth        | 2 3 4 6 7 8 9 |  9.6
Armour         | 3 4 |  4.9
Evocations     | 4 5 |  5.8
Spellcasting   | 2 3 5 6 7 9 10 12 13 | 13.0
Throwing       | 1 |  1.6
Conjurations   | 3 |  3.1
Air Magic      | 4 7 8 9 |  9.5
Poison Magic   | 1 |  1.7
Summonings     | 4 6 |  6.9
Unarmed Combat | 1 |  1.0
Translocations | 2 |  2.7
Ranged Weapons | 5 12 | 12.0
Hexes          | 1 |  1.7
Short Blades   | |  0.5

Action                     |  1- 3 |  4- 6 |  7- 9 | 10-12 | 13-15 | 16-18 || total
---------------------------+-------+-------+-------+-------+-------+-------++-------
  Melee: Club              |   201 |   175 |       |       |       |       ||   376
         Punch             |     3 |     2 |       |     9 |    19 |    12 ||    45
         Flail             |       |    11 |       |       |       |       ||    11
         Dire flail        |       |    27 |   296 |    66 |       |       ||   389
         Mace              |       |       |       |   493 |   907 |   478 ||  1878
         Unarmed           |       |       |       |       |     3 |       ||     3
         Morningstar       |       |       |       |       |       |    37 ||    37
   Fire: Arbalest          |       |       |       |       |       |   121 ||   121
  Throw: Dart              |       |       |    10 |       |     1 |    21 ||    32
   Cast: Summon Lightning  |       |       |       |       |   104 |   127 ||   231
         Swiftness         |       |       |       |       |     1 |     1 ||     2
 Invoke: Call Merchant     |       |       |       |       |     3 |     1 ||     4
  Evoke: Wand              |     3 |    22 |    13 |    23 |    10 |    19 ||    90
         Lightning rod     |       |       |       |       |       |     4 ||     4
    Use: Potion            |       |     3 |       |     5 |       |     5 ||    13
         Scroll            |       |       |    10 |    10 |    13 |     9 ||    42
   Stab: Sleeping          |     5 |     2 |     5 |     8 |    23 |       ||    43
         Invisible         |       |       |     1 |     1 |     2 |     1 ||     5
         Distracted        |       |       |       |    21 |    42 |    43 ||   106
 Armour: Leather armour    |    81 |    87 |    74 |    78 |       |       ||   320
         Robe              |       |       |       |    46 |   193 |    95 ||   334
  Dodge: Dodged            |   155 |   195 |   195 |   406 |   872 |   527 ||  2350
